[Event "Early-Titled-Tuesday-Blitz-February-06-2024"]
[Site "Chess.com"]
[Date "2024.02.06"]
[Round "4"]
[White "Rud_Makarian"]
[Black "karinachess1"]
[Result "1-0"]
[WhiteElo "3027"]
[BlackElo "2627"]
[TimeControl "180+1"]
[EndTime "8:38:27 PST"]
[Termination "Rud_Makarian won by checkmate"]

1. d4 Nf6 2. c4 e6 3. Nf3 d5 4.
g3 dxc4 5. Bg2 Nc6 6. Qa4 Bb4+ 7. Bd2 Bd6 8. Na3 Bxa3 9. bxa3 Ne4 10. e3 c3 11. Bc1 O-O 12. Qc2 Nd6 13. O-O f6 14. Qxc3 Bd7 15. a4 Qe7 16. Ba3 Rfc8 17. Rfc1 Rab8 18.
Rab1 b6 19. Ne5 Na5 20. Nxd7 Qxd7 21. Bc6 Qf7 22. Bb5 c5 23. dxc5 Nxb5 24. axb5 Qh5 25. c6 a6 26. c7 Rb7 27. bxa6 Rbxc7 28. Qxc7 Rxc7 29. Rxc7 Qf5 30. Rd1 Qf3 31. Rd8# 1-0

[Event "Early-Titled-Tuesday-Blitz-February-06-2024"]
[Site "Chess.com"]
[Date "2024.02.06"]
[Round "4"]
[White "Aradhya2000"]
[Black "Chesstrainer1"]
[Result "1-0"]
[WhiteElo "2695"]
[BlackElo "2479"]
[TimeControl "180+1"]
[EndTime "8:38:27 PST"]
[Termination "Aradhya2000 won on time"]

1. d4 Nf6 2. c4 Nc6 3. Nf3 e6 4. a3 g6 5. Nc3 Bg7 6. e4 d6 7. Be2 O-O 8. O-O Re8 9. Be3 e5 10.
d5 Nd4 11. h3 Nxe2+ 12. Qxe2 Nh5 13. c5 f5 14. exf5 Bxf5 15. cxd6 cxd6 16. Rfc1 Qd7 17. Ng5 Nf4 18. Qd2 Qe7 19. Bxf4 exf4 20. Qxf4 Be5 21.
Qd2 Qf6 22. Nf3 Bxh3 23. Nxe5 Rxe5 24. gxh3 Qf3 25. Re1 Rf8 26. Rxe5 dxe5 27. d6 Rf4 28.
Qd5+ 1-0

[Event "Early-Titled-Tuesday-Blitz-February-06-2024"]
[Site "Chess.com"]
[Date "2024.02.06"]
[Round "4"]
[White "SujanaLohani"]
[Black "GoValya"]
[Result "0-1"]
[WhiteElo "1989"]
[BlackElo "2275"]
[TimeControl "180+1"]
[EndTime "8:38:27 PST"]
[Termination "GoValya won by resignation"]

1. d4 d5 2. Nf3 Nf6 3. c4 c6 4.
e3 e6 5. Nc3 Be7 6. Qc2 O-O 7.
Bd3 dxc4 8. Bxc4 b5 9. Bd3 Bb7 10. O-O Nbd7 11. Rd1 Rc8 12. e4 h6 13. Bf4 a6 14.
Qe2 Qb6 15. d5 cxd5 16. exd5 Nxd5 17. Qe4 N7f6 18. Qe5 Ng4 19. Nxd5 Qxf2+ 20. Kh1 Nxe5 21. Nxe7+ Kh8 22. Bxe5 Bxf3 23. gxf3 Qxf3+ 24. Kg1 Qe3+ 25. Kg2 Qxe5 26. Nxc8 Qxb2+ 27. Kf3 Rxc8 28. Rab1 Qe5 29. Rbc1 Rxc1 30. Rxc1 g6 31. Rc8+ Kg7 32. Ra8 Qd5+ 33.
Be4 Qxa2 0-1

[Event "Early-Titled-Tuesday-Blitz-February-06-2024"]
[Site "Chess.com"]
[Date "2024.02.06"]
[Round "4"]
[White "dianamirza"]
[Black "DarZay"]
[Result "0-1"]
[WhiteElo "1960"]
[BlackElo "2256"]
[TimeControl "180+1"]
[EndTime "8:38:27 PST"]
[Termination "DarZay won by resignation"]

1. e4 c5 2. Nf3 Nc6 3. d4 cxd4 4. Nxd4 Nf6 5. Nc3 d6 6. Be3 Ng4 7. Bc1 e5 8. Nf5 Bxf5 9. exf5 Nf6 10. Bc4 Nd4 11.
Qd3 a6 12. O-O b5 13. Bd5 Rc8 14. Bg5 Be7 15. Rac1 Nxd5 16. Nxd5 Bxg5 17. f4 Bf6 18. Nxf6+ Qxf6 19. fxe5 dxe5 20. c3 Nc6 21. Rcd1 O-O 22.
Qe4 Ne7 23. Qb7 Rc4 24. Rd7 Nxf5 25. b3 Rxc3 26. g4 Nd6 27. Rxf6 Nxb7 28. Rxa6 Nc5 29. Rc7 Nxa6 30. Rxc3 Rd8 31. a3 b4 32. a4 bxc3 0-1

[Event "Early-Titled-Tuesday-Blitz-February-06-2024"]
[Site "Chess.com"]
[Date "2024.02.06"]
[Round "4"]
[White "Balla_Tamas"]
[Black "NFChess13"]
[Result "0-1"]
[WhiteElo "2405"]
[BlackElo "2657"]
[TimeControl "180+1"]
[EndTime "8:38:28 PST"]
[Termination "NFChess13 won by resignation"]

1. e4 e5 2. Nf3 Nf6 3. Nxe5 d5 4. exd5 Qxd5 5. Nf3 Nc6 6. Be2 Bg4 7. Nc3 Qh5 8.
O-O O-O-O 9. d3 Bd6 10. g3 Rhe8 11. Be3 Bc5 12. Bxc5 Rxe2 13. Nxe2 Bxf3 14. Nf4 Bxd1 15. Nxh5 Bxh5 16. Rfe1 b6 17. Be7 Nxe7 18. Rxe7 Rd7 19. Rae1 Bf3 20. Rxd7 Kxd7 21. h3 g5 22. g4 Nd5 23.
Kh2 Nf4 24. Kg3 Bd5 25. Re5 f6 26. Re3 Bxa2 27. b3 Bb1 28. c4 Bxd3 29. h4 h6 30. hxg5 hxg5 31. Re1 Bc2 32. Re3 a5 33. Kf3 Kd6 34.
Rc3 Bg6 35. Ke3 Kc5 36. Rc1 Kb4 37. Kd4 Ne2+ 0-1

[Event "Early-Titled-Tuesday-Blitz-February-06-2024"]
[Site "Chess.com"]
[Date "2024.02.06"]
[Round "4"]
[White "mkllnd1517"]
[Black "toninhojit"]
[Result "0-1"]
[WhiteElo "2359"]
[BlackElo "2514"]
[TimeControl "180+1"]
[EndTime "8:38:28 PST"]
[Termination "toninhojit won by resignation"]

1. Nf3 d5 2. b3 c5 3. e3 a6 4. Bb2 Nf6 5. g3 Nc6 6. Bg2 Qc7 7. c4 dxc4 8. bxc4 e5 9. d3 Bf5 10.
Nc3 Rd8 11. Nd5 Nxd5 12. cxd5 Rxd5 13. O-O Bxd3 14. Ne1 Be4 15. Qb3 Bxg2 16. Nxg2 Rd8 17. f4 e4 18. Rfd1 Be7 19. Bxg7 Rg8 20. Bb2 Nb4 21.
Rxd8+ Bxd8 22. Qc4 Qc6 23. Ba3 b5 24. Qc3 Nd3 25.
Qd2 Bf6 26. Rd1 b4 27. Bc1 c4 28. Ne1 c3 29. Qc2 Nxe1 30. Rxe1 Ke7 31. Rd1 Rd8 32. Rxd8 Kxd8 33. a3 Qc4 34. axb4 Qd3 35. Qa4 c2 36.
Qa5+ Kd7 37. Qf5+ Ke7 38. Qc5+ Ke8 39. Qc8+ Bd8 40. Qc6+ Kf8 41. Qc5+ Be7 42. Qc8+ Kg7 43. Qc5 Bxc5 0-1

[Event "Early-Titled-Tuesday-Blitz-February-06-2024"]
[Site "Chess.com"]
[Date "2024.02.06"]
[Round "4"]
[White "the_blue_pill"]
[Black "LangesNasenhaar"]
[Result "0-1"]
[WhiteElo "2306"]
[BlackElo "2495"]
[TimeControl "180+1"]
[EndTime "8:38:30 PST"]
[Termination "LangesNasenhaar won by resignation"]

1. d4 g6 2. e4 Bg7 3. Nf3 c6 4. Nc3 d5 5. h3 dxe4 6. Nxe4 Nf6 7. Nxf6+ exf6 8. Bc4 O-O 9. O-O Re8 10. c3 Be6 11. Bxe6 Rxe6 12. Bf4 Nd7 13. Re1 Nf8 14. Qb3 b5 15. a4 a6 16. Nd2 Rxe1+ 17. Rxe1 Ne6 18. Bg3 Qd5 19. Qc2 f5 20. Be5 f6 21. Bh2 Bh6 22. Nf3 Re8 23. axb5 axb5 24. Ra1 Re7 25. Ra8+ Kf7 26. Qd1 Bf4 27. Rh8 Kg7 28. Rc8 Bxh2+ 29.
Kxh2 Nf4 30. Qd2 g5 31. h4 Re2 32. Qd1 Rxf2 33. Rc7+ Kg6 34. h5+ Kh6 0-1

[Event "Early-Titled-Tuesday-Blitz-February-06-2024"]
[Site "Chess.com"]
[Date "2024.02.06"]
[Round "4"]
[White "Irina_Mikhaylova"]
[Black "Qingdom"]
[Result "1/2-1/2"]
[WhiteElo "2334"]
[BlackElo "2087"]
[TimeControl "180+1"]
[EndTime "8:38:31 PST"]
[Termination "Game drawn by repetition"]

1. d4 Nf6 2. Nf3 c5 3. c4 e6 4. Nc3 d5 5. cxd5 Nxd5 6. e4 Nxc3 7.
bxc3 cxd4 8. cxd4 Bb4+ 9. Bd2 Bxd2+ 10. Qxd2 O-O 11. Bc4 Nd7 12. O-O a6 13. Rfd1 b5 14. Bb3 Bb7 15. d5 exd5 16. exd5 Nb6 17. Ne5 Rc8 18. d6 Nc4 19. Bxc4 bxc4 20. Rac1 Qh4 21. f4 Rfd8 22. Rxc4 Rxc4 23. Nxc4 Qg4 24. Ne5 Qf5 25.
Qd4 h5 26. d7 f6 27. Nf3 Bxf3 28. gxf3 Kh7 29. Qd3 Kg6 30. Kf2 Qxd3 31. Rxd3 Kf5 32.
Ke3 Ke6 33. Ke4 f5+ 34. Ke3 Rxd7 35. Rxd7 Kxd7 36. Kd4 Kd6 37. Kc4 Kc6 38. Kd4 Kd6 39.
a3 h4 40. h3 g6 41. Kc4 Kc6 42. Kd4 Kd6 43. a4 a5 44. Kc4 Kc6 45. Kd4 Kd6 46. Kc4 Kc6 47. Kd4 Kd6 1/2-1/2

[Event "Early-Titled-Tuesday-Blitz-February-06-2024"]
[Site "Chess.com"]
[Date "2024.02.06"]
[Round "4"]
[White "stratacticos"]
[Black "Saraisitave"]
[Result "1-0"]
[WhiteElo "2054"]
[BlackElo "2254"]
[TimeControl "180+1"]
[EndTime "8:38:31 PST"]
[Termination "stratacticos won on time"]

1. e4 c5 2. d4 cxd4 3. Nf3 Nc6 4. c3 dxc3 5. Bc4 e6 6. O-O a6 7. Nxc3 b5 8. Bd5 Bb7 9. Re1 Nge7 10. Bb3 Ng6 11.
Bg5 Be7 12. Bxe7 Qxe7 13. Nd5 Qd8 14. Ne3 O-O 15. Qd6 Qe7 16. Rad1 Qxd6 17. Rxd6 Rfd8 18. Red1 Nce5 19. Nxe5 Nxe5 20. f3 Bc6 21. Nc2 Nc4 22.
Bxc4 bxc4 23. Nd4 Ba4 24. b3 cxb3 25. axb3 Bb5 26. Nxb5 axb5 27. Rb6 Kf8 28. Rxb5 Ke7 29. Rb7 Rab8 30. Rdxd7+ Rxd7 31. Rxb8 Rd2 32. b4 Rb2 33. b5 Kd6 34. Rf8 1-0

[Event "Early-Titled-Tuesday-Blitz-February-06-2024"]
[Site "Chess.com"]
[Date "2024.02.06"]
[Round "4"]
[White "Cambek64"]
[Black "alexrustemov"]
[Result "0-1"]
[WhiteElo "2510"]
[BlackElo "2759"]
[TimeControl "180+1"]
[EndTime "8:38:33 PST"]
[Termination "alexrustemov won by resignation"]

1. b3 d5 2. Bb2 Bf5 3. e3 e6 4. Nf3 h6 5. d3 Nf6 6. Nbd2 Be7 7.
g3 O-O 8. Bg2 c5 9. O-O Nc6 10.
a3 Qc7 11. Qe2 Rfd8 12. h3 Rac8 13. Rfd1 b5 14. Rac1 Bh7 15. e4 a6 16. c4 dxc4 17.
dxc4 b4 18. a4 Nd7 19. e5 Na5 20. Qe3 Nb8 21. Ne1 Nbc6 22. f4 Nd4 23. Bxd4 Rxd4 24. Ndf3 Rd7 25. Bf1 Rcd8 26. Be2 Nc6 27. Rxd7 Rxd7 28.
Rd1 Rxd1 29. Bxd1 Qd7 30. Qd2 Qxd2 31. Nxd2 g5 32. Ndf3 gxf4 33. gxf4 f6 34. exf6 Bxf6 35. Bc2 Bxc2 36. Nxc2 Na5 37. f5 Kf7 38. fxe6+ Kxe6 39. Nd2 Bc3 40. Ne4 Nxb3 41. Kg2 Ke5 42. Kf3 Nd4+ 43. Nxd4 Kxd4 44. h4 Kxc4 45. h5 b3 0-1

[Event "Early-Titled-Tuesday-Blitz-February-06-2024"]
[Site "Chess.com"]
[Date "2024.02.06"]
[Round "4"]
[White "ValiantCeleb"]
[Black "GMT4114"]
[Result "1-0"]
[WhiteElo "2269"]
[BlackElo "1961"]
[TimeControl "180+1"]
[EndTime "8:38:33 PST"]
[Termination "ValiantCeleb won by resignation"]

1. e4 e6 2. d4 d5 3. Nc3 Bb4 4. e5 Qd7 5. f4 b6 6. Nf3 Ne7 7. Bd3 Ba6 8. Bxa6 Nxa6 9. O-O Bxc3 10. bxc3 Qa4 11. Qd3 Nb8 12. Nh4 g6 13. f5 gxf5 14. Bg5 Nbc6 15. Nf3 Rg8 16. Bf6 Na5 17. Bxe7 Kxe7 18.
Qd2 Rg6 19. Nh4 Rg4 20. h3 Rg7 21. Rxf5 exf5 22. Nxf5+ Kd7 23. Nxg7 Rg8 24. Nh5 Kc8 25. Nf6 Rg6 26. Nxd5 Qc4 27. Ne7+ 1-0

[Event "Early-Titled-Tuesday-Blitz-February-06-2024"]
[Site "Chess.com"]
[Date "2024.02.06"]
[Round "4"]
[White "abhidabhi"]
[Black "SaqoChess_Twitch"]
[Result "1-0"]
[WhiteElo "2912"]
[BlackElo "2607"]
[TimeControl "180+1"]
[EndTime "8:38:34 PST"]
[Termination "abhidabhi won by resignation"]

1. c4 Nf6 2. Nc3 e6 3. e4 c5 4. e5 Ng8 5. Nf3 Nc6 6. g3 d6 7.
exd6 Bxd6 8. d4 cxd4 9. Nxd4 Nge7 10. Bg2 O-O 11. Nxc6 Nxc6 12. O-O Be7 13. Bf4 e5 14. Be3 Qxd1 15. Rfxd1 Be6 16. Nd5 Bd8 17. Rac1 f6 18.
b4 a6 19. a4 Rb8 20. b5 axb5 21. axb5 Ne7 22. Ba7 Ra8 23. Bc5 Rf7 24. Bxe7 Bxe7 25. Nc7 Rc8 26. Nxe6 Bb4 27. Nd8 Rfc7 28. Bd5+ Kh8 29.
Nf7+ Kg8 30. Nd6+ Kh8 31. Nxc8 Rxc8 32. Bxb7 1-0

[Event "Early-Titled-Tuesday-Blitz-February-06-2024"]
[Site "Chess.com"]
[Date "2024.02.06"]
[Round "4"]
[White "Predo63"]
[Black "Al_Shima"]
[Result "1-0"]
[WhiteElo "2507"]
[BlackElo "2332"]
[TimeControl "180+1"]
[EndTime "8:38:34 PST"]
[Termination "Predo63 won by resignation"]

1. d4 Nf6 2. Bg5 Ne4 3. Bf4 d5 4. Nd2 Bf5 5. e3 e6 6. Ngf3 Bd6 7.
Bxd6 Qxd6 8. c3 Nd7 9. Nxe4 Bxe4 10. Bd3 Bxd3 11. Qxd3 O-O 12. O-O c5 13. a4 h6 14. h3 a6 15. Rfc1 Rac8 16. a5 Rfd8 17. Rd1 Qe7 18. Ra4 g6 19. Ne5 Nxe5 20. dxe5 c4 21.
Qd4 Rc5 22. Rda1 Rb5 23. R1a2 Qd7 24. h4 h5 25. g3 Rxb2 26. Rxb2 Qxa4 27. Rxb7 Qxa5 28.
Qf4 Rf8 29. Qd4 Qa1+ 30. Kg2 a5 31. Ra7 a4 32. Kf3 a3 33. Kf4 a2 34. Kg5 Qb1 35.
Kh6 g5 36. e4 Qc1 37. hxg5 a1=Q 38. Rxa1 Qxa1 39. Qe3 Rb8 40. Qf4 Kf8 41. g6 Qa7 42. Qf6 Ke8 43. g7 Kd7 44. Qxf7+ Kc6 45. Qxa7 Rg8 46.
Qa6+ 1-0

[Event "Early-Titled-Tuesday-Blitz-February-06-2024"]
[Site "Chess.com"]
[Date "2024.02.06"]
[Round "4"]
[White "Semetey"]
[Black "yosephtaher"]
[Result "0-1"]
[WhiteElo "2641"]
[BlackElo "2894"]
[TimeControl "180+1"]
[EndTime "8:38:35 PST"]
[Termination "yosephtaher won on time"]

1. Nf3 c5 2. g3 g6 3. Bg2 Bg7 4. O-O Nc6 5. e4 d6 6. c3 Nf6 7. Re1 O-O 8. d4 cxd4 9. cxd4 Bg4 10. h3 Bxf3 11. Bxf3 Nd7 12. d5 Nd4 13. Bg2 Qb6 14. Nc3 Rac8 15. Be3 Qxb2 16. Bxd4 Bxd4 17. Qxd4 Qxc3 18.
Qxa7 Nc5 19. Rac1 Qf6 20. Re2 h5 21. h4 Nd3 22. Rxc8 Rxc8 23. Qxb7 Rc1+ 24. Kh2 Ne5 25. Qb2 Rd1 26. a4 Nf3+ 27. Kh3 Ng1+ 28. Kh2 Nxe2 29. Qxe2 Rb1 30. f4 Rb2 31. Qc4 Rd2 32. Kh3 Qb2 33.
Qf1 Qa2 34. f5 Qxa4 35. fxg6 fxg6 36. Qf4 Qd1 37. Qg5 Qg4+ 38. Qxg4 hxg4+ 39. Kh2 Kg7 40. Kg1 Kf6 41. Kf1 Ke5 42. Bh1 Rd1+ 43. Kg2 Kxe4 44. Kh2+ Rxh1+ 45. Kxh1 Kxd5 46. h5 gxh5 0-1

[Event "Early-Titled-Tuesday-Blitz-February-06-2024"]
[Site "Chess.com"]
[Date "2024.02.06"]
[Round "4"]
[White "losersgame"]
[Black "Agibileg"]
[Result "0-1"]
[WhiteElo "2530"]
[BlackElo "2738"]
[TimeControl "180+1"]
[EndTime "8:38:35 PST"]
[Termination "Agibileg won on time"]

1. d4 Nf6 2. c4 e6 3. Nc3 Bb4 4. e3 O-O 5. Bd3 d5 6. Nf3 c5 7. O-O cxd4 8. exd4 dxc4 9. Bxc4 b6 10. Bg5 Bb7 11. Ne5 Nbd7 12. Qe2 Rc8 13. Rac1 Be7 14. Rfd1 Nd5 15. Bxd5 Bxd5 16. Bxe7 Qxe7 17. Nxd5 exd5 18. Qh5 g6 19. Qg4 Rxc1 20. Rxc1 Nxe5 21. dxe5 Qxe5 22. b3 d4 23. Rd1 d3 24. g3 Rd8 25. Qf3 d2 0-1

[Event "Early-Titled-Tuesday-Blitz-February-06-2024"]
[Site "Chess.com"]
[Date "2024.02.06"]
[Round "4"]
[White "M1711"]
[Black "LileKoridze"]
[Result "1-0"]
[WhiteElo "2659"]
[BlackElo "2381"]
[TimeControl "180+1"]
[EndTime "8:38:36 PST"]
[Termination "M1711 won by resignation"]

1. e4 c5 2. Nf3 d6 3. Bb5+ Nd7 4. O-O a6 5. Bd3 Ngf6 6. Re1 g6 7. c3 Bg7 8. Bc2 O-O 9. d4 cxd4 10. cxd4 e6 11.
Nc3 b5 12. Bf4 Qe7 13. e5 dxe5 14. dxe5 Nh5 15. Bg5 f6 16. exf6 Ndxf6 17. Bb3 Qf7 18. Ne5 Qa7 19. Be3 Qc7 20. Nd3 b4 21. Na4 Nd5 22. Rc1 Qf7 23. Bc5 Rd8 24. Qe2 Ndf4 25.
Nxf4 Nxf4 26. Qe4 Rb8 27. Bb6 Re8 28. Bc7 Nd5 29. Bxd5 Bb7 30. Bxb7 1-0

[Event "Early-Titled-Tuesday-Blitz-February-06-2024"]
[Site "Chess.com"]
[Date "2024.02.06"]
[Round "4"]
[White "aranibos"]
[Black "GrumbleBruno"]
[Result "1-0"]
[WhiteElo "2280"]
[BlackElo "2456"]
[TimeControl "180+1"]
[EndTime "8:38:37 PST"]
[Termination "aranibos won by resignation"]

1. d4 Nf6 2. Bg5 e6 3. Nd2 c5 4. e3 cxd4 5. exd4 Be7 6. c3 b6 7.
Ngf3 Bb7 8. Bd3 O-O 9. Qc2 h6 10. Bxf6 Bxf6 11. O-O d6 12. Be4 Qc7 13. Bxb7 Qxb7 14.
Qe4 d5 15. Qe2 b5 16. a3 a5 17. Rfe1 Nd7 18. Ne5 Bxe5 19. dxe5 b4 20. axb4 axb4 21. Rxa8 Rxa8 22. c4 Ra2 23. cxd5 Qxd5 24. Nc4 Qb5 25.
h4 Nb6 26. Nxb6 Qxb6 27. Rd1 b3 28. Rd2 Qa5 29. Kh2 g6 30. f4 h5 31. Qd3 Qb4 32.
Qd8+ Kh7 33. Qf6 Ra7 34. Rd8 1-0

[Event "Early-Titled-Tuesday-Blitz-February-06-2024"]
[Site "Chess.com"]
[Date "2024.02.06"]
[Round "4"]
[White "MattyDPerrine"]
[Black "ReinisUz"]
[Result "1-0"]
[WhiteElo "2509"]
[BlackElo "2348"]
[TimeControl "180+1"]
[EndTime "8:38:40 PST"]
[Termination "MattyDPerrine won by checkmate"]

1. e4 c5 2. Nf3 Nc6 3. Bb5 g6 4. O-O Bg7 5. c3 e5 6. d4 cxd4 7. cxd4 Nxd4 8. Nxd4 exd4 9. Bf4 Ne7 10. Nd2 O-O 11.
Bd6 Re8 12. Bc4 Qb6 13. Qf3 Nf5 14. Ba3 Nh6 15. Bd5 d6 16. Nc4 Bg4 17. Nxb6 Bxf3 18.
Nxa8 Rxa8 19. gxf3 Be5 20. Bxb7 Rb8 21. Bd5 Kg7 22. Rfd1 Ng8 23. f4 Bxf4 24. Rxd4 Be5 25. Rd2 Nf6 26. Rad1 Nh5 27. f3 Nf4 28. Bb3 h5 29.
Bxd6 Bxd6 30. Rxd6 a5 31. Rd7 a4 32. Rxf7+ Kh6 33.
Rxf4 axb3 34. axb3 Rxb3 35. h4 Rxb2 36. Rd7 g5 37.
Rf6# 1-0

[Event "Early-Titled-Tuesday-Blitz-February-06-2024"]
[Site "Chess.com"]
[Date "2024.02.06"]
[Round "4"]
[White "SergioMoralesG"]
[Black "bogcsab"]
[Result "0-1"]
[WhiteElo "2449"]
[BlackElo "2357"]
[TimeControl "180+1"]
[EndTime "8:38:40 PST"]
[Termination "bogcsab won on time"]

1. d4 Nf6 2. c4 g6 3. Nc3 Bg7 4. e4 O-O 5. Nf3 d6 6. Be2 Nbd7 7. O-O e5 8. Be3 Ng4 9. Bg5 f6 10. Bh4 c6 11. dxe5 dxe5 12. b4 Qe7 13. c5 Kh8 14.
Nd2 Nh6 15. Nc4 a5 16. a3 axb4 17. axb4 Rxa1 18. Qxa1 Nb8 19. Nd6 g5 20. Bg3 f5 21.
Nxc8 Rxc8 22. exf5 Nxf5 23. Ne4 Nd4 24. Bg4 Rf8 25.
Kh1 Na6 26. Qb1 Nb5 27. Re1 Nac7 28. Qd3 Nd5 29. Qd2 h6 30. Qd3 Qf7 31. Nd6 Qe7 32.
Nxb5 Nxb4 33. Qd6 Qxd6 34. Nxd6 Nd3 35. Nxb7 Nxe1 36. Bd7 Nd3 37. Kg1 Rf7 38. Bxc6 Rc7 39. Nd8 Nxc5 40. Bd5 Rd7 41. Nf7+ Kh7 0-1

[Event "Early-Titled-Tuesday-Blitz-February-06-2024"]
[Site "Chess.com"]
[Date "2024.02.06"]
[Round "4"]
[White "Dinamo3"]
[Black "Ranindu2003"]
[Result "0-1"]
[WhiteElo "2525"]
[BlackElo "2724"]
[TimeControl "180+1"]
[EndTime "8:38:41 PST"]
[Termination "Ranindu2003 won by checkmate"]

1. c4 e6 2. Nf3 d5 3. e3 Nf6 4.
b3 Bd6 5. Bb2 Nc6 6. d4 O-O 7. Be2 Re8 8. O-O a6 9. Nc3 dxc4 10. bxc4 e5 11. c5 exd4 12. exd4 Bf4 13. d5 Nb4 14. Bc4 Bf5 15. a3 Nc2 16. Ra2 Ng4 17.
Bb3 Nce3 18. fxe3 Bxe3+ 19. Kh1 Nf2+ 20. Rxf2 Bxf2 21. Ba1 Bxc5 22. Ne2 Bg4 23. Qd3 Bf8 24. h3 Bh5 25. Nf4 Bxf3 26. Qxf3 Re1+ 27. Kh2 Qg5 28. Bc3 Ree8 29. Kh1 Bd6 30. Nd3 Re3 31. Bd2 Rxf3 32. Bxg5 Rf1# 0-1

[Event "Early-Titled-Tuesday-Blitz-February-06-2024"]
[Site "Chess.com"]
[Date "2024.02.06"]
[Round "4"]
[White "ural58"]
[Black "atomicmate123"]
[Result "1-0"]
[WhiteElo "2486"]
[BlackElo "2223"]
[TimeControl "180+1"]
[EndTime "8:38:41 PST"]
[Termination "ural58 won by checkmate"]

1. e4 c5 2. b3 Nc6 3. Bb2 e5 4. f4 d6 5. Bb5 Bd7 6. Nf3 Nf6 7. O-O Qb6 8. c4 Bg4 9. fxe5 dxe5 10. Bxe5 a6 11. Ba4 Nd7 12. Bg3 Nd4 13. Nc3 Nxf3+ 14.
gxf3 Be6 15. Nd5 Bxd5 16. cxd5 Be7 17. Bxd7+ Kxd7 18. Kh1 h5 19. Rc1 h4 20. Bf2 Qf6 21.
Bxc5 Bxc5 22. Rxc5 Rac8 23. Rxc8 Rxc8 24. f4 Qd4 25.
Qg4+ Kd8 26. Qxh4+ f6 27. Qh8+ Kd7 28. Qxg7+ Kd6 29.
e5+ fxe5 30. Qf6+ Kd7 31. Qe6+ Kd8 32. Qd6+ Ke8 33. Qxe5+ Qxe5 34. fxe5 Rc2 35. Rf2 Rxa2 36. d6 Kd7 37. Kg2 Ke6 38. d4 Ra3 39. d5+ Kd7 40.
Rf7+ Kd8 41. Rxb7 Ra2+ 42. Kf3 Rd2 43. e6 Kc8 44. Rc7+ Kd8 45. Ra7 Kc8 46. d7+ Kd8 47.
Ra8+ Ke7 48. d8=Q# 1-0

[Event "Early-Titled-Tuesday-Blitz-February-06-2024"]
[Site "Chess.com"]
[Date "2024.02.06"]
[Round "4"]
[White "ChessQueen"]
[Black "ljuks68"]
[Result "1-0"]
[WhiteElo "2699"]
[BlackElo "2411"]
[TimeControl "180+1"]
[EndTime "8:38:42 PST"]
[Termination "ChessQueen won on time"]

1. d4 d5 2. Nf3 Nf6 3. c4 c6 4. cxd5 cxd5 5. Nc3 Nc6 6. Bf4 Bf5 7. Qb3 Na5 8. Qa4+ Bd7 9. Qc2 e6 10. e3 Nc6 11. a3 Nh5 12. Bg5 Be7 13. Bxe7 Qxe7 14.
Bd3 f5 15. O-O Nf6 16. Na4 b6 17. b4 O-O 18. Rac1 Rac8 19. Qb3 Ne4 20. Ba6 Rcd8 21. Nb2 g5 22. Rc2 g4 23. Ne5 Nxe5 24. dxe5 f4 25. exf4 Rxf4 26. Qe3 Qg5 27. Nd3 Rf5 28. Qxg5+ Nxg5 29. Rc7 Ba4 30. Rfc1 Nf7 31. Rxa7 Nxe5 32. Nxe5 Rxe5 33.
Bd3 Be8 34. Bxh7+ Kf8 35. Bd3 d4 36. a4 Red5 37. Kf1 R5d7 38. Rxd7 Bxd7 39. a5 bxa5 40. bxa5 Rb8 41. a6 Rb2 42. Ra1 Bc6 43. a7 Ba8 44.
Rb1 Rxb1+ 45. Bxb1 Ke7 46. Ke2 Bxg2 47. Bg6 1-0

[Event "Early-Titled-Tuesday-Blitz-February-06-2024"]
[Site "Chess.com"]
[Date "2024.02.06"]
[Round "4"]
[White "Arteler"]
[Black "ClaudiaSof"]
[Result "0-1"]
[WhiteElo "2554"]
[BlackElo "2257"]
[TimeControl "180+1"]
[EndTime "8:38:43 PST"]
[Termination "ClaudiaSof won on time"]

1. Nf3 c5 2. c4 Nc6 3. g3 e5 4. Nc3 g6 5. Bg2 Bg7 6. O-O d6 7. b3 Nge7 8. Bb2 O-O 9. Qc2 Be6 10.
e4 h6 11. Nd5 f5 12. d3 Nd4 13. Nxd4 cxd4 14. Nxe7+ Qxe7 15. exf5 gxf5 16. Rfe1 Kh8 17.
Qe2 Rae8 18. Qf3 b6 19. Qe2 Qd7 20. Bc1 Kh7 21. Qb2 d5 22. Qa3 dxc4 23. bxc4 f4 24. Qb3 Bh3 25. a4 Bxg2 26. Kxg2 f3+ 27. Kg1 Qh3 0-1

[Event "Early-Titled-Tuesday-Blitz-February-06-2024"]
[Site "Chess.com"]
[Date "2024.02.06"]
[Round "4"]
[White "colegiodemadrid"]
[Black "Zapateado"]
[Result "1-0"]
[WhiteElo "2513"]
[BlackElo "2358"]
[TimeControl "180+1"]
[EndTime "8:38:45 PST"]
[Termination "colegiodemadrid won by resignation"]

1. Nf3 c5 2. e4 g6 3. d4 cxd4 4. Nxd4 Nc6 5. Be3 Nf6 6. Nc3 Bg7 7. Bc4 Qa5 8. O-O Qb4 9. Bb3 Nxd4 10. Bxd4 O-O 11. e5 Ne8 12. Nd5 Qa5 13. Nxe7+ Kh8 14. Bc3 Qd8 15. Nd5 Nc7 16. Nf6 Ne6 17. Qd3 b6 18.
Qh3 h6 19. Rad1 Ba6 20. Rfe1 Ng5 21. Qxd7 Qxd7 22. Rxd7 Rad8 23. Red1 Rxd7 24. Rxd7 Bc8 25. Rd1 Bf5 26. h4 Ne6 27. f3 g5 28. g4 Bg6 29.
h5 Bh7 30. Bxe6 fxe6 31. Nxh7 Kxh7 32. Kg2 Rc8 33. Rd7 Kg8 34. Rxa7 Rc5 35. Rb7 Bxe5 36. Bxe5 Rxe5 37. Rxb6 Re2+ 38. Kg3 Rxc2 39. a4 Kf7 40. a5 Rc5 41. b4 Rc3 42. a6 Ke7 43. Rb7+ Kd6 44. a7 Ra3 45. b5 e5 46. Kf2 Kc5 47.
b6 Kc6 48. Rb8 Ra2+ 49. Ke3 Ra3+ 50. Ke4 1-0

[Event "Early-Titled-Tuesday-Blitz-February-06-2024"]
[Site "Chess.com"]
[Date "2024.02.06"]
[Round "4"]
[White "flomarechot"]
[Black "bennyficial"]
[Result "1/2-1/2"]
[WhiteElo "2301"]
[BlackElo "2122"]
[TimeControl "180+1"]
[EndTime "8:38:47 PST"]
[Termination "Game drawn by repetition"]

1. Nf3 d5 2. b3 c5 3. Bb2 Nc6 4. e3 Nf6 5. Bb5 Bg4 6. h3 Bxf3 7. Qxf3 e6 8. O-O Be7 9. Re1 O-O 10. Bxc6 bxc6 11. c4 Rb8 12. d3 a5 13. Nc3 d4 14.
Na4 Qd7 15. e4 e5 16. Ba3 Rfe8 17. Bxc5 Qe6 18. Rf1 Nd7 19. Bxe7 Rxe7 20. Qe2 Qh6 21. Rad1 Re6 22. Qd2 Qh4 23. f4 Rg6 24. Kh1 Rg3 25. Rf2 Nf6 26. fxe5 Ng4 27. Rf4 Rxh3+ 28. gxh3 Qxh3+ 29. Kg1 Qg3+ 30. Kh1 Qh3+ 31. Kg1 Qg3+ 32. Kh1 Qh3+ 1/2-1/2

[Event "Early-Titled-Tuesday-Blitz-February-06-2024"]
[Site "Chess.com"]
[Date "2024.02.06"]
[Round "4"]
[White "vladoboch"]
[Black "Ginger_GM"]
[Result "0-1"]
[WhiteElo "2455"]
[BlackElo "2685"]
[TimeControl "180+1"]
[EndTime "8:38:48 PST"]
[Termination "Ginger_GM won on time"]

1. e4 c5 2. Nf3 d6 3. d4 cxd4 4. Nxd4 Nf6 5. Nc3 g6 6. Be2 Bg7 7. O-O O-O 8. Bg5 Nc6 9. Nb3 Be6 10. Kh1 Rc8 11. f4 Na5 12. e5 Nxb3 13. axb3 Ne8 14. Rxa7 Qb6 15. Ra4 f6 16. exf6 Nxf6 17. Bxf6 Bxf6 18.
Nd5 Bxd5 19. Qxd5+ Kg7 20. c3 Qe3 21. Re4 Qb6 22.
f5 Rc5 23. Qe6 g5 24. Rb4 Qc7 25. Bf3 b6 26. Qe3 Rxf5 27. Rxb6 g4 28. Be2 Bg5 29. Qd4+ e5 30. Rxf5 exd4 31. Rxg5+ Kh6 32. Rbb5 Re8 33. Rh5+ Kg7 34. Rbg5+ Kh8 0-1

[Event "Early-Titled-Tuesday-Blitz-February-06-2024"]
[Site "Chess.com"]
[Date "2024.02.06"]
[Round "4"]
[White "Witik"]
[Black "rasmussvane"]
[Result "0-1"]
[WhiteElo "2785"]
[BlackElo "2965"]
[TimeControl "180+1"]
[EndTime "8:38:49 PST"]
[Termination "rasmussvane won by resignation"]

1. d4 Nf6 2. c4 e6 3. Nf3 d5 4. g3 Be7 5. Bg2 O-O 6. O-O dxc4 7. Qc2 a6 8. a4 Bd7 9. Qxc4 Bc6 10. Bf4 Bd6 11. Nc3 Bxf4 12. gxf4 a5 13. e3 Na6 14. Qe2 Bxf3 15. Bxf3 c6 16. Rad1 Nb4 17. Kh1 Kh8 18.
Rg1 Qe7 19. Rg3 Rad8 20. Rdg1 g6 21. Qf1 b6 22. Ne4 Nxe4 23. Bxe4 c5 24. dxc5 bxc5 25. Qc4 Rd7 26. Rc1 Rc8 27. Rgg1 Kg8 28. Kg2 Qh4 29. h3 Rd2 30. Rgf1 Rxb2 31. Qc3 Ra2 32. Bb7 Rd8 33. e4 Rd3 34. Qxc5 Rg3+ 0-1